[ AOE2 MATCH · #505970895 ]
UnrankedBurgundians vs Goths
Player's team · WIN
Rival team · LOSS
[ REPLAY ANALYSIS · EXTRACTED FROM THE RECORDED GAME ]
Feudal
11:48
Castle
17:36
Imperial
35:24
| APM avg | 49.1 |
| APM peak | 88 |
| eAPM avg | 31.1 |
| Villagers / military | 176 / 68 |
Focus
⚔️ 21.1% · 🌾 78.9%
Coustillier ×35 · Hand Cannoneer ×22 · Trebuchet (Packed) ×4 · Mangonel ×3 · Monk ×2 · Bombard Cannon ×2
Feudal
10:55
Castle
25:02
Imperial
41:02
| APM avg | 26.2 |
| APM peak | 56 |
| eAPM avg | 18.2 |
| Villagers / military | 64 / 104 |
Focus
⚔️ 40.0% · 🌾 60.0%
Spearman ×37 · Huskarl ×26 · Militia ×24 · Petard ×11 · Battering Ram ×6
Match map
Initial resources + every placement click. Lines = walls · curves = elevation contours. ◆ gold · ⬟ stone · ● berries · ✦ relic · ◌ wall gap
Your base· ✓ Closed at 17:36 · 43t walls · no gate
yerko.mitrovic's base· ✓ Closed at 25:02 · 7t walls · 1 gate(s)
Smoothed initial terrain · ◌ = detected wall gap · hover for details
Inputs per minute
— kami al-farsi - - yerko.mitrovic
Build order — kami al-farsi
First 150 of 445 actions detected
| 0:01 | Queue | Villager (Male) |
| 0:01 | Queue | Villager (Male) |
| 0:02 | Queue | Villager (Male) |
| 0:02 | Queue | Villager (Male) |
| 0:03 | Build | House |
| 0:05 | Build | House |
| 0:08 | Research | Loom |
| 0:09 | Queue | Villager (Male) |
| 0:17 | Queue | Villager (Male) |
| 0:17 | Queue | Villager (Male) |
| 0:18 | Queue | Villager (Male) |
| 1:08 | Build | Palisade Wall |
| 1:22 | Build | Lumber Camp |
| 1:55 | Build | House |
| 1:56 | Queue | Villager (Male) |
| 1:56 | Queue | Villager (Male) |
| 2:23 | Build | Palisade Wall |
| 2:29 | Queue | Villager (Male) |
| 2:29 | Queue | Villager (Male) |
| 2:54 | Queue | Villager (Male) |
| 2:54 | Queue | Villager (Male) |
| 3:16 | Queue | Villager (Male) |
| 3:17 | Queue | Villager (Male) |
| 3:46 | Queue | Villager (Male) |
| 3:46 | Queue | Villager (Male) |
| 4:06 | Build | House |
| 4:13 | Queue | Villager (Male) |
| 4:13 | Queue | Villager (Male) |
| 4:32 | Queue | Villager (Male) |
| 4:33 | Queue | Villager (Male) |
| 4:51 | Queue | Villager (Male) |
| 4:52 | Queue | Villager (Male) |
| 5:02 | Build | House |
| 5:26 | Queue | Villager (Male) |
| 5:26 | Queue | Villager (Male) |
| 5:26 | Queue | Villager (Male) |
| 6:09 | Build | Mill |
| 6:16 | Queue | Villager (Male) |
| 6:17 | Queue | Villager (Male) |
| 6:35 | Queue | Villager (Male) |
| 6:55 | Queue | Villager (Male) |
| 7:10 | Queue | Villager (Male) |
| 7:15 | Queue | Villager (Male) |
| 7:52 | Build | House |
| 7:57 | Build | Palisade Wall |
| 8:10 | Queue | Villager (Male) |
| 8:13 | Queue | Villager (Male) |
| 8:29 | Build | Farm |
| 8:31 | Build | Farm |
| 8:50 | Build | Palisade Wall |
| 8:53 | Build | Palisade Wall |
| 9:05 | Research | Feudal Age |
| 9:06 | Research | Feudal Age |
| 9:14 | Build | Mining Camp |
| 9:20 | Build | Mining Camp |
| 9:40 | Queue | Villager (Male) |
| 9:40 | Queue | Villager (Male) |
| 10:21 | Build | House |
| 10:30 | Build | Farm |
| 11:36 | Build | House |
| 11:40 | Build | House |
| 11:48 | Age | Feudal Age |
| 11:53 | Build | Stone Wall |
| 12:24 | Build | Market |
| 12:30 | Queue | Villager (Male) |
| 12:40 | Build | Stone Wall |
| 13:03 | Queue | Villager (Male) |
| 13:32 | Build | Watch Tower |
| 13:45 | Build | Lumber Camp |
| 13:58 | Build | Blacksmith |
| 14:48 | Build | House |
| 14:56 | Research | Castle Age |
| 14:56 | Research | Castle Age |
| 15:02 | Research | Double-Bit Axe |
| 15:02 | Research | Double-Bit Axe |
| 15:31 | Build | House |
| 15:48 | Build | Lumber Camp |
| 16:06 | Build | House |
| 16:17 | Research | Horse Collar |
| 16:17 | Research | Horse Collar |
| 16:38 | Research | Stone Mining |
| 16:38 | Research | Stone Mining |
| 16:49 | Build | Stone Wall |
| 16:54 | Build | Stone Wall |
| 17:12 | Queue | Villager (Male) |
| 17:20 | Research | Bow Saw |
| 17:20 | Research | Bow Saw |
| 17:36 | Age | Castle Age |
| 17:42 | Build | Siege Workshop |
| 17:49 | Queue | Villager (Male) |
| 17:53 | Build | Stone Wall |
| 17:54 | Build | Stone Wall |
| 17:55 | Build | Stone Wall |
| 17:56 | Build | Stone Wall |
| 17:56 | Build | Stone Wall |
| 17:57 | Build | Stone Wall |
| 17:57 | Build | Stone Wall |
| 17:58 | Build | Stone Wall |
| 17:58 | Build | Stone Wall |
| 17:58 | Build | Stone Wall |
| 17:58 | Build | Stone Wall |
| 17:59 | Build | Stone Wall |
| 18:05 | Queue | Villager (Male) |
| 18:24 | Build | Town Center |
| 18:25 | Queue | Villager (Male) |
| 18:30 | Build | Farm |
| 18:51 | Queue | Mangonel |
| 18:56 | Build | House |
| 19:11 | Queue | Villager (Male) |
| 19:17 | Build | Farm |
| 19:25 | Build | House |
| 19:29 | Build | Farm |
| 19:32 | Queue | Villager (Male) |
| 19:34 | Build | Farm |
| 19:36 | Queue | Villager (Male) |
| 19:46 | Research | Heavy Plow |
| 19:48 | Queue | Villager (Male) |
| 19:55 | Build | Outpost |
| 20:01 | Build | Outpost |
| 20:08 | Queue | Villager (Male) |
| 20:22 | Queue | Villager (Male) |
| 20:36 | Build | Town Center |
| 20:54 | Build | Outpost |
| 20:55 | Queue | Villager (Male) |
| 20:55 | Queue | Villager (Male) |
| 21:19 | Queue | Mangonel |
| 21:19 | Queue | Mangonel |
| 21:20 | Queue | Villager (Male) |
| 21:37 | Queue | Villager (Male) |
| 21:49 | Queue | Villager (Male) |
| 21:49 | Queue | Villager (Male) |
| 21:58 | Build | Farm |
| 21:58 | Build | Farm |
| 21:58 | Build | Farm |
| 21:58 | Build | Farm |
| 21:59 | Build | Farm |
| 21:59 | Build | Farm |
| 21:59 | Build | Farm |
| 21:59 | Build | Farm |
| 22:00 | Build | Farm |
| 22:00 | Build | Farm |
| 22:00 | Build | Farm |
| 22:00 | Build | Farm |
| 22:11 | Build | Farm |
| 22:19 | Queue | Villager (Male) |
| 22:19 | Queue | Villager (Male) |
| 22:21 | Build | Farm |
| 22:24 | Build | House |
| 22:29 | Build | House |
| 22:30 | Build | House |
Build order — yerko.mitrovic
First 150 of 269 actions detected
| 0:01 | Research | Loom |
| 0:02 | Queue | Villager (Male) |
| 0:04 | Build | House |
| 0:15 | Build | Palisade Wall |
| 0:30 | Queue | Villager (Male) |
| 0:30 | Queue | Villager (Male) |
| 0:30 | Queue | Villager (Male) |
| 0:45 | Build | Palisade Gate |
| 1:20 | Build | Lumber Camp |
| 1:43 | Build | House |
| 2:11 | Queue | Villager (Male) |
| 2:25 | Queue | Villager (Male) |
| 3:00 | Queue | Villager (Male) |
| 3:19 | Queue | Villager (Male) |
| 3:34 | Queue | Villager (Male) |
| 4:22 | Build | House |
| 4:25 | Build | House |
| 4:34 | Queue | Villager (Male) |
| 4:35 | Queue | Villager (Male) |
| 5:25 | Queue | Villager (Male) |
| 5:25 | Queue | Villager (Male) |
| 5:34 | Queue | Villager (Male) |
| 5:53 | Queue | Villager (Male) |
| 6:37 | Queue | Villager (Male) |
| 6:45 | Queue | Villager (Male) |
| 6:56 | Queue | Villager (Male) |
| 7:32 | Build | Mining Camp |
| 7:45 | Queue | Villager (Male) |
| 8:22 | Research | Feudal Age |
| 8:56 | Build | Barracks |
| 9:38 | Queue | Militia |
| 9:38 | Queue | Militia |
| 9:42 | Queue | Militia |
| 9:49 | Build | House |
| 9:56 | Build | House |
| 9:59 | Build | Mining Camp |
| 10:25 | Queue | Villager (Male) |
| 10:43 | Build | Mill |
| 10:45 | Queue | Villager (Male) |
| 10:55 | Age | Feudal Age |
| 10:56 | Research | Man-at-Arms (upgrade) |
| 11:02 | Build | Watch Tower |
| 11:16 | Research | Double-Bit Axe |
| 11:22 | Queue | Villager (Male) |
| 11:39 | Queue | Villager (Male) |
| 11:58 | Queue | Villager (Male) |
| 12:18 | Queue | Militia |
| 12:28 | Queue | Villager (Male) |
| 12:55 | Build | House |
| 12:56 | Build | House |
| 13:02 | Build | Watch Tower |
| 13:10 | Build | Blacksmith |
| 13:25 | Queue | Militia |
| 13:25 | Queue | Militia |
| 13:30 | Build | Farm |
| 13:32 | Build | Farm |
| 13:37 | Build | Farm |
| 13:39 | Build | Farm |
| 13:52 | Research | Fletching |
| 14:07 | Queue | Villager (Male) |
| 14:14 | Queue | Villager (Male) |
| 14:17 | Build | Farm |
| 14:36 | Queue | Militia |
| 14:37 | Queue | Militia |
| 14:51 | Build | Watch Tower |
| 14:58 | Queue | Militia |
| 14:58 | Queue | Militia |
| 14:59 | Queue | Militia |
| 15:44 | Queue | Villager (Male) |
| 15:51 | Build | Watch Tower |
| 16:33 | Queue | Villager (Male) |
| 16:33 | Queue | Villager (Male) |
| 16:34 | Queue | Militia |
| 16:35 | Queue | Militia |
| 16:41 | Build | Farm |
| 16:43 | Build | Market |
| 16:45 | Queue | Villager (Male) |
| 17:00 | Queue | Militia |
| 17:40 | Queue | Villager (Male) |
| 17:45 | Build | Farm |
| 17:51 | Build | House |
| 17:52 | Build | House |
| 18:12 | Research | Wheelbarrow |
| 18:16 | Build | Mill |
| 18:16 | Build | Farm |
| 18:17 | Build | Farm |
| 18:21 | Build | Farm |
| 18:50 | Queue | Villager (Male) |
| 19:01 | Build | Lumber Camp |
| 19:02 | Queue | Villager (Male) |
| 19:20 | Queue | Villager (Male) |
| 19:45 | Queue | Villager (Male) |
| 19:56 | Queue | Villager (Male) |
| 19:59 | Queue | Villager (Male) |
| 20:38 | Queue | Villager (Male) |
| 21:13 | Build | Watch Tower |
| 21:49 | Build | Lumber Camp |
| 21:55 | Research | Castle Age |
| 22:13 | Build | Lumber Camp |
| 22:16 | Research | Scale Mail Armor |
| 22:51 | Research | Stone Mining |
| 23:06 | Research | Scale Mail Armor |
| 23:41 | Research | Gold Mining |
| 23:48 | Research | Horse Collar |
| 24:02 | Research | Forging |
| 24:41 | Build | Farm |
| 24:43 | Build | Farm |
| 24:44 | Build | Farm |
| 24:47 | Build | Farm |
| 24:50 | Build | Farm |
| 25:02 | Age | Castle Age |
| 25:05 | Build | Castle |
| 25:13 | Research | Squires |
| 25:19 | Build | Farm |
| 25:20 | Queue | Villager (Male) |
| 25:25 | Queue | Villager (Male) |
| 25:36 | Research | Pikeman (upgrade) |
| 26:23 | Queue | Villager (Male) |
| 26:38 | Research | Long Swordsman (upgrade) |
| 26:42 | Queue | Villager (Male) |
| 26:51 | Build | Lumber Camp |
| 26:58 | Build | House |
| 27:00 | Build | Barracks |
| 27:03 | Queue | Petard |
| 27:03 | Queue | Petard |
| 27:07 | Queue | Huskarl |
| 27:08 | Queue | Huskarl |
| 27:11 | Queue | Huskarl |
| 27:22 | Build | Lumber Camp |
| 27:25 | Build | House |
| 27:26 | Build | House |
| 27:33 | Queue | Militia |
| 27:33 | Queue | Militia |
| 27:33 | Queue | Militia |
| 27:42 | Queue | Villager (Male) |
| 27:51 | Queue | Huskarl |
| 27:57 | Queue | Huskarl |
| 28:05 | Build | Farm |
| 28:11 | Build | Farm |
| 28:14 | Queue | Villager (Male) |
| 28:22 | Queue | Huskarl |
| 28:23 | Queue | Huskarl |
| 28:28 | Queue | Huskarl |
| 29:19 | Build | Siege Workshop |
| 29:38 | Queue | Huskarl |
| 29:39 | Queue | Huskarl |
| 29:39 | Queue | Huskarl |
| 30:23 | Queue | Villager (Male) |
| 30:23 | Queue | Villager (Male) |
| 30:25 | Queue | Battering Ram |
Match timeline
| 0:15 | yerko.mitrovic · wall_segment Palisade Wall x7 |
| 1:08 | kami al-farsi · wall_segment Palisade Wall x10 |
| 2:23 | kami al-farsi · wall_segment Palisade Wall x6 |
| 7:57 | kami al-farsi · wall_segment Palisade Wall x1 |
| 8:50 | kami al-farsi · wall_segment Palisade Wall x1 |
| 8:53 | kami al-farsi · wall_segment Palisade Wall x3 |
| 8:56 | yerko.mitrovic · first_building Barracks |
| 10:55 | yerko.mitrovic · age_up feudal |
| 11:48 | kami al-farsi · age_up feudal |
| 11:53 | kami al-farsi · wall_segment Stone Wall x9 |
| 12:40 | kami al-farsi · wall_segment Stone Wall x11 |
| 13:26 | kami al-farsi · first_market_sell 100 food |
| 13:27 | kami al-farsi · first_market_buy 100 wood |
| 16:49 | kami al-farsi · wall_segment Stone Wall x2 |
| 16:54 | kami al-farsi · wall_segment Stone Wall x3 |
| 17:36 | kami al-farsi · age_up castle |
| 17:42 | kami al-farsi · first_building Siege Workshop |
| 17:53 | kami al-farsi · wall_segment Stone Wall x1 |
| 17:54 | kami al-farsi · wall_segment Stone Wall x1 |
| 17:55 | kami al-farsi · wall_segment Stone Wall x1 |
| 17:56 | kami al-farsi · wall_segment Stone Wall x2 |
| 17:56 | kami al-farsi · wall_segment Stone Wall x1 |
| 17:57 | kami al-farsi · wall_segment Stone Wall x1 |
| 17:57 | kami al-farsi · wall_segment Stone Wall x1 |
| 17:58 | kami al-farsi · wall_segment Stone Wall x1 |
| 17:58 | kami al-farsi · wall_segment Stone Wall x1 |
| 17:58 | kami al-farsi · wall_segment Stone Wall x1 |
| 17:58 | kami al-farsi · wall_segment Stone Wall x1 |
| 17:59 | kami al-farsi · wall_segment Stone Wall x1 |
| 21:54 | yerko.mitrovic · first_market_buy 100 food |
| 23:49 | kami al-farsi · first_building Castle |
| 25:02 | yerko.mitrovic · age_up castle |
| 25:05 | yerko.mitrovic · first_building Castle |
| 25:26 | kami al-farsi · wall_segment Stone Wall x1 |
| 25:58 | kami al-farsi · wall_segment Stone Wall x1 |
| 26:01 | kami al-farsi · wall_segment Stone Wall x1 |
| 26:45 | kami al-farsi · wall_segment Stone Wall x1 |
| 27:01 | kami al-farsi · first_building Monastery |
| 27:14 | kami al-farsi · first_building Barracks |
| 27:54 | kami al-farsi · wall_segment Stone Wall x1 |
| 27:57 | kami al-farsi · wall_segment Stone Wall x11 |
| 28:03 | kami al-farsi · wall_segment Stone Wall x2 |
| 28:06 | kami al-farsi · wall_segment Stone Wall x5 |
| 28:59 | kami al-farsi · wall_segment Stone Wall x7 |
| 29:19 | yerko.mitrovic · first_building Siege Workshop |
| 31:36 | kami al-farsi · first_building Archery Range |
| 31:45 | yerko.mitrovic · first_market_sell 100 wood |
| 32:02 | kami al-farsi · wall_segment Stone Wall x1 |
| 32:04 | kami al-farsi · wall_segment Stone Wall x6 |
| 33:49 | kami al-farsi · first_building Stable |
| 35:20 | kami al-farsi · wall_segment Stone Wall x5 |
| 35:22 | kami al-farsi · wall_segment Stone Wall x5 |
| 35:24 | kami al-farsi · age_up imperial |
| 35:25 | kami al-farsi · wall_segment Stone Wall x7 |
| 35:29 | kami al-farsi · wall_segment Stone Wall x8 |
| 35:32 | kami al-farsi · wall_segment Stone Wall x9 |
| 41:02 | yerko.mitrovic · age_up imperial |
| 41:40 | yerko.mitrovic · resign |
[ AI ANALYSIS · 1 CREDIT ]
What really happened in this match?
Wolo.gg analyzes every decision: build order, eco, micro, common mistakes by bracket. Personalized analysis on WhatsApp or Discord in 30 seconds.
Civ guide
Burgundians
Perfil
kami al-farsi